 Seeded DCSS version 0.31-a0-145-g046c7d2549 (webtiles) character file.

Game seed: 13756538122855080540 (custom seed)

84 Pimp the Insei (level 4, -5/29 HPs)
             Began as an Octopode Transmuter on June 6, 2023.
             Killed from afar by Sigmund (9 damage)
             ... with a puff of flame
             ... on level 3 of the Dungeon.
             The game lasted 00:04:21 (2348 turns).

Pimp the Insei (Octopode Transmuter)                Turns: 2348, Time: 00:04:22

Health: -5/29      AC:  1    Str:  9    XL:     4   Next: 46%
Magic:  1/7        EV: 13    Int: 17    God:
Gold:   108        SH:  0    Dex: 12    Spells: 4/8 levels left

rFire   . .          .
                       - Unarmed
rCold   . . .        e - orb {guile}
rNeg    . . .        (helmet currently unavailable)
rPois   .            (no amulet)
rElec   .            (no ring)
rCorr   .            (no ring)
SInv    .            (no ring)
Will    .....        (no ring)
Stlth   ++           (no ring)
HPRegen 0.24/turn    (no ring)
MPRegen 0.10/turn    (no ring)
                     (no ring)

%: no passive effects
@: appendages, very slightly contaminated
A: tentacle spike 3, almost no armour, amphibious, 8 rings, camouflage 1,
gelatinous body 1, (nimble swimmer 1), tentacles
a: End Transformation


You were on level 3 of the Dungeon.
One of your tentacles had grown a beastly spike.
You visited 1 branch of the dungeon, and saw 4 of its levels.

You collected 108 gold pieces.

Inventory:

Armour
 e - an orb of guile (worn)
Magical Staves
 c - the staff of cold "Ohesuepp" {+Blink rElec rC+ rCorr Dex+2}
   (You acquired it on level 1 of the Dungeon)

   [staff of cold]

   Base accuracy: +5 Base damage: 5 Base attack delay: 1.2 This weapon's minimum
   attack delay (0.6) is reached at skill level 12.
   Dex:       It affects your dexterity (+2).
   rC:        It protects you from cold.
   rElec:     It insulates you from electricity.
   +Blink:    It lets you blink.
   rCorr:     It protects you from acid and corrosion.
   It falls into the 'Staves' category.
   It is a one-tentacled weapon.
Jewellery
 g - an amulet of magic regeneration
Scrolls
 f - a scroll of vulnerability {unknown}
 h - a scroll of acquirement
 j - a scroll of enchant armour {unknown}
Potions
 a - a potion of lignification
 b - a potion of enlightenment
 d - 2 potions of haste {unknown}
 i - a potion of mutation {unknown}


   Skills:
 + Level 1.9 Fighting
 + Level 2.7 Dodging
 + Level 3.4 Unarmed Combat
 + Level 2.6 Spellcasting
 + Level 2.6 Transmutations
 + Level 0.1 Ice Magic


You had 4 spell levels left.
You knew the following spells:

 Your Spells              Type           Power      Damage    Failure   Level
a - Beastly Appendage     Tmut           22%        N/A       6%          1
b - Spider Form           Tmut/Pois      6%         N/A       32%         3

Your spell library contained the following spells:

 Spells                   Type           Power      Damage    Failure   Level
 Wereblood                Tmut           11%        N/A       10%         2
 Blink                    Tloc           4%         N/A       28%         2
 Lesser Beckoning         Tloc           4%         N/A       28%         2
 Momentum Strike          Conj/Tloc      4%         3d8       28%         2
 Vhi's Electric Charge    Tloc/Air       4%         N/A       50%         3
 Ice Form                 Ice/Tmut       6%         N/A       71%         4
 Arcjolt                  Conj/Air       1%         1d11      99%         5
 Plasma Beam              Fire/Air       1%         2x1d11    100%        6


Dungeon Overview and Level Annotations

Branches:
Dungeon (4/15)
 Temple: D:4-7

Altars:
Makhleb
Xom

Annotations:
D:3 Sigmund


Innate Abilities, Weirdness & Mutations

One of your tentacles has grown a beastly spike.
You cannot wear most types of armour.
You are amphibious.
You can wear up to eight rings at the same time.
Your skin changes colour to match your surroundings (Stealth+).
Your rubbery body absorbs attacks. (AC +1, EV +1)
((You are camouflaged when in or above water. (Stealth+)))
You have tentacles for arms and can constrict up to eight enemies at once.


Message History

Sigmund is lightly wounded.
The rat closely misses you. Sigmund closely misses you.
You hit Sigmund.
Sigmund looks as sick as possible!
Sigmund is moderately wounded.
The rat misses you.
You hit Sigmund but do no damage.
Sigmund looks as sick as possible!
Sigmund is moderately wounded.
Sigmund casts a spell.
Sigmund flickers and vanishes!
Deactivating autopickup; reactivate with Ctrl-A.
You hit the rat.
You kill the rat!
Something closely misses you.
Your transformation has ended.
Your orb of guile unmelds from your body.
You hear some strange, mumbled words.
Something tries to affect you, but you resist.
You closely miss something. Something hits you! Something freezes you.
* * * LOW HITPOINT WARNING * * *
You closely miss something. Something hits you.
* * * LOW HITPOINT WARNING * * *
Something freezes you.
* * * LOW HITPOINT WARNING * * *
Casting: Spider Form (extremely dangerous; 32% risk of failure)
Confirm with . or Enter, or press ? or * to list all spells.
The spell is extremely dangerous to miscast (32% risk of failure)!
Continue anyway?
You miscast Spider Form.
You are very lightly contaminated with residual magic.
Nothing appears to happen.
Casting: Spider Form (extremely dangerous; 32% risk of failure)
Confirm with . or Enter, or press ? or * to list all spells.
You don't have enough magic to cast this spell.
Unknown command.
Casting: Spider Form (extremely dangerous; 32% risk of failure)
Confirm with . or Enter, or press ? or * to list all spells.
One of your tentacles grows a vicious spike.
You hear some strange, mumbled words.
A puff of flame appears from out of thin air!
The puff of flame hits you!
You die...

##......##
#####........##
.......[####..#
######.##..##.#
#..)...#.# #..##..#.#
### #.##..##.#
....#..#..##..######
.......#..)...รท{@.>#
###.##.##..##.####.#.#
#. #..####.........# #
##........@....##
..#............
###........##
#.####....# #. .....#
#. ...#


There were no monsters in sight!

Vanquished Creatures
  3 adders (D:2)
  3 dart slugs
  5 bats
  3 endoplasms
  3 giant cockroaches
  6 goblins
  3 hobgoblins
  4 jackals (D:2)
  6 ball pythons
  5 kobolds
  7 rats
48 creatures vanquished.

Notes
Turn   | Place    | Note
-------+----------+-------------------------------------------
     0 | D:1      | Pimp the Octopode Transmuter began the quest for the Orb.
     0 | D:1      | Reached XP level 1. HP: 13/13 MP: 3/3
   176 | D:1      | Reached XP level 2. HP: 15/18 MP: 3/5
   474 | D:1      | Identified a scroll of acquirement
   474 | D:1      | Acquired the staff of cold "Ohesuepp" {+Blink rElec rC+
                  | rCorr Dex+2}
  1164 | D:2      | Reached XP level 3. HP: 22/23 MP: 4/6
  1168 | D:2      | Learned a level 3 spell: Spider Form
  1180 | D:2      | Found a faded altar of an unknown god.
  1200 | D:2      | Found a burning altar of Makhleb.
  1362 | D:2      | Reached XP level 4. HP: 12/29 MP: 7/7
  1987 | D:3      | Found a shimmering altar of Xom.
  2121 | D:3      | Noticed Sigmund
  2348 | D:3      | Killed from afar by Sigmund

Illustrated notes

Levels and vault maps discovered:
D:1:      scummos_arrival_star, layout_basic
D:2:      layout_basic, basic_altar, basic_ecumenical_altar, grunt_decor_cap
D:3:      layout_basic, mainiacjoe_overflow_alcove_1, portal_sewer_entry_b,
          minmay_close_crescents, uniq_ijyb, uniq_sigmund
D:4:      layout_loops_corners, mainiacjoe_overflow_paths,
          nicolae_wu_jian_glorious_leap, kennysheep_flooded_box,
          guppyfry_early_lair_pool

Action                     |  1- 3 |  4- 6 || total
---------------------------+-------+-------++-------
  Melee: Unarmed           |    65 |    37 ||   102
         Constrict         |    18 |     7 ||    25
         Tentacles         |    11 |     6 ||    17
         Kick              |    19 |     9 ||    28
         Punch             |       |     3 ||     3
   Cast: Beastly Appendage |    26 |    13 ||    39
         Spider Form       |       |     1 ||     1
    Use: Scroll            |     1 |       ||     1
         Potion            |     2 |       ||     2
   Stab: Sleeping          |     4 |     1 ||     5
 Armour: Skin              |     5 |     3 ||     8
  Dodge: Dodged            |    53 |    21 ||    74

Table legend: (Time is in decaauts)
 A = Elapsed time spent in this place.
 B = Non-inter-level travel time spent in this place.
 C = Inter-level travel time spent in this place.
 D = Time resting spent in this place.
 E = Time spent auto-exploring this place.
 F = Levels seen in this place.
 G = Mean time per level.
                   A        B        C        D        E       F      G
               +--------+--------+--------+--------+--------+-----+--------+
         Total |   2341 |   2229 |    112 |    275 |   1538 |   4 |  585.2 |
       Dungeon |   2341 |   2229 |    112 |    275 |   1538 |   4 |  585.2 |
               +--------+--------+--------+--------+--------+-----+--------+

Top non-repeatable levels by time:
     D:1: 1106 daAuts
     D:2: 653 daAuts
     D:3: 386 daAuts
     D:4: 194 daAuts
